 Dungeon Sprint DCSS version 0.30-a0-996-ga6910c8ee8 (webtiles) character file.

Game seed: 15821451699635699004

144 DiggyJ the Trooper (level 5, -4/47 HPs)
             Began as a Demonspawn Berserker on Apr 4, 2023.
             Was an Elder of Trog.
             Slain by an orc warrior
             ... wielding a +0 halberd
              (11 damage)
             ... in the Dungeon (Sprint IX: "|||||||||||||||||||||||||||||").
             The game lasted 00:00:51 (186 turns).

DiggyJ the Trooper (Demonspawn Berserker)            Turns: 186, Time: 00:00:52

Health: -4/47      AC:  9    Str: 22    XL:     5   Next: 5%
Magic:  5/5        EV: 11    Int:  8    God:    Trog [****..]
Gold:   0          SH:  0    Dex: 16    Spells: 4/4 levels left

rFire   . . .      SeeInvis .    k - +1 broad axe (heavy)
rCold   . . .      Faith    .    (no shield)
rNeg    . . .      Spirit   .    m - +1 scale mail
rPois   .          Reflect  .    (no helmet)
rElec   .          Rampage  .    l - +0 cloak
rCorr   .          NoTele   +    (no gloves)
Will    .....                    (no boots) Stlth
                                 (no amulet)
HPRegen 0.27/turn                n - +3 ring of dexterity
MPRegen 0.09/turn                o - +3 ring of strength

@: on berserk cooldown, slowed, very slow
A: claws 2, spiny 1
a: Renounce Religion, Berserk, Trog's Hand, Brothers in Arms


You were in the Dungeon.
You worshipped Trog.
Trog was greatly pleased with you.
You visited 1 branch

Inventory:

Hand Weapons
 a - a +0 hand axe
 k - a +1 heavy broad axe (weapon)
Armour
 b - a +0 animal skin
 l - a +0 cloak (worn)
 m - a +1 scale mail (worn)
Jewellery
 n - a +3 ring of dexterity (left claw)
 o - a +3 ring of strength (right claw)
Wands
 j - a wand of iceblast (10)
Scrolls
 h - 2 scrolls of blinking
Potions
 c - 5 potions of curing
 d - 3 potions of heal wounds
 e - a potion of haste
 f - 4 potions of magic
 g - a potion of berserk rage
 i - a potion of invisibility


   Skills:
 + Level 6.7 Fighting
 + Level 6.6 Axes
 + Level 3.4 Armour
 + Level 3.5 Dodging


You had 4 spell levels left.
You didn't know any spells.
Your spell library was empty.

Dungeon Overview and Level Annotations

Branches:
Dungeon (1/1)

Altars:
Cheibriados
Dithmenos
Fedhas
Gozag
Hepliaklqana
Kikubaaqudgha
Makhleb
Nemelex Xobeh
Okawaru
Qazlal
Ru
Sif Muna
Trog
Uskayaw
Vehumet
Wu Jian
Xom
Yredelemnul
Jiyva
Lugonu


Innate Abilities, Weirdness & Mutations

You have very sharp fingernails.
You are partially covered in sharp spines.


Message History

The orc warrior hits you from afar with a +0 halberd!
The kobold brigand is struck by your spines.
The kobold brigand hits you but does no damage.
You slash the kobold brigand!
The kobold brigand is severely wounded.
The kobold brigand misses you.
The orc warrior hits you but does no damage.
You hit the kobold brigand.
The kobold brigand is almost dead.
The kobold brigand is struck by your spines.
The kobold brigand hits you but does no damage.
The orc warrior hits you from afar with a +0 halberd!
You slice the kobold brigand!!
You kill the kobold brigand!
Trog accepts your kill.
The orc warrior hits you from afar with a +0 halberd!
The orc warrior hits you from afar with a +0 halberd.
* * * LOW HITPOINT WARNING * * *
Your Fighting skill increases to level 6!
Your Axes skill increases to level 6!
Your Armour skill increases to level 3!
You have reached level 5!
There is an open door to the Dungeon, spattered with blood here.
Things that are here:
a +0 dagger; 6 poisoned darts; a kobold corpse You slash the orc warrior!
The orc warrior is heavily wounded.
The orc warrior hits you with a +0 halberd.
* * * LOW HITPOINT WARNING * * *
The orc warrior hits you but does no damage.
You slash the orc warrior!
The orc warrior is almost dead.
You are no longer berserk.
You are exhausted.
You feel yourself slow down.
The orc warrior hits you with a +0 halberd.
* * * LOW HITPOINT WARNING * * *
You hit the orc warrior but do no damage.
The orc warrior is almost dead.
The orc warrior hits you with a +0 halberd!
You die...

▓?▓
▓)▓
▓.▓
▓[▓
▓.▓
▓.▓
▓.▓
▓.▓
▓@▓
▓o▓
▓{▓
▓9▓
▓O▓
▓z▓
▓.▓
▓+▓


You could see a two-headed ogre, an orc warrior, a gargoyle and a wight.

Vanquished Creatures
  A kobold brigand (D)
  A hound (D)
  An orc wizard (D)
  An adder (D)
  A dart slug (D)
  2 orcs (D)
  A goblin (D)
  A quokka (D)
  2 rats (D)
11 creatures vanquished.

Notes
Turn   | Place    | Note
-------+----------+-------------------------------------------
     0 | D        | DiggyJ the Demonspawn Berserker began the quest for the
                  | Orb.
     0 | D        | Reached XP level 1. HP: 18/18 MP: 1/1
     9 | D        | Reached ** piety under Trog
    59 | D        | Noticed a hound
    59 | D        | Noticed an orc wizard
    63 | D        | Killed a hound
    64 | D        | Reached skill level 5 in Fighting
    64 | D        | Gained mutation: You have sharp fingernails. [demonic
                  | ancestry]
    64 | D        | Reached XP level 2. HP: 27/27 MP: 2/2
    64 | D        | Gained mutation: You have very sharp fingernails. [demonic
                  | ancestry]
    64 | D        | Reached XP level 3. HP: 33/33 MP: 3/3
    66 | D        | Reached *** piety under Trog
    77 | D        | Reached skill level 5 in Axes
    77 | D        | Gained mutation: You are partially covered in sharp spines.
                  | [demonic ancestry]
    77 | D        | Reached XP level 4. HP: 40/40 MP: 4/4
    79 | D        | Reached **** piety under Trog
   110 | D        | Found a snail-covered altar of Cheibriados.
   110 | D        | Found a shadowy altar of Dithmenos.
   110 | D        | Found a blossoming altar of Fedhas.
   110 | D        | Found an opulent altar of Gozag.
   111 | D        | Found a hazy altar of Hepliaklqana.
   112 | D        | Found a viscous altar of Jiyva.
   113 | D        | Found an ancient bone altar of Kikubaaqudgha.
   114 | D        | Found a corrupted altar of Lugonu.
   115 | D        | Found a burning altar of Makhleb.
   116 | D        | Found a sparkling altar of Nemelex Xobeh.
   117 | D        | Found an iron altar of Okawaru.
   118 | D        | Found a stormy altar of Qazlal.
   119 | D        | Found a sacrificial altar of Ru.
   120 | D        | Found a shimmering blue altar of Sif Muna.
   121 | D        | Found a bloodstained altar of Trog.
   122 | D        | Found a hide-covered altar of Uskayaw.
   123 | D        | Found a radiant altar of Vehumet.
   124 | D        | Found an ornate altar of the Wu Jian Council.
   125 | D        | Found a shimmering altar of Xom.
   126 | D        | Found a basalt altar of Yredelemnul.
   175 | D        | Noticed a kobold brigand
   175 | D        | Noticed an orc warrior
   175 | D        | Noticed a gargoyle
   175 | D        | Noticed a two-headed ogre
   182 | D        | Killed a kobold brigand
   183 | D        | Reached XP level 5. HP: 18/47 MP: 5/5
   186 | D        | Slain by an orc warrior

Illustrated notes

Levels and vault maps discovered:
D:        linesprint [early_d, line_temple, items_1, d_10, items_2, lair_1,
          lair_end, items_3, orc_1, orc_end, items_4, d_15, swamp_1, shoals_1,
          snake_1, spider_1, d_20, vaults_1, items_5, swamp_end, shoals_end,
          snake_end, spider_end, vaults_end, d_27, items_6, zot_1, zot_end,
          crypt_end, forest_end, elf_end, slime_end, tomb_end, abyss_end,
          pan_hell_end]

Skill      XL: |  1  2  3  4 |
---------------+-------------+-----
Axes           | 4 5 6 |  6.6
Armour         | 2 3 |  3.4
Dodging        | 2 3 |  3.5
Fighting       | 5 6 |  6.7

Action                     |  1- 3 |  4- 6 || total
---------------------------+-------+-------++-------
  Melee: Hand axe          |    32 |     2 ||    34
         Broad axe         |       |     9 ||     9
 Invoke: Berserk           |     1 |     1 ||     2
 Armour: Animal skin       |     5 |       ||     5
         Scale mail        |       |     6 ||     6
  Dodge: Dodged            |    16 |     4 ||    20

Table legend: (Time is in decaauts)
 A = Elapsed time spent in this place.
 B = Non-inter-level travel time spent in this place.
 C = Inter-level travel time spent in this place.
 D = Time resting spent in this place.
 E = Time spent auto-exploring this place.
 F = Levels seen in this place.
 G = Mean time per level.
                   A        B        C        D        E       F      G
               +--------+--------+--------+--------+--------+-----+--------+
         Total |    190 |    190 |      0 |     64 |      0 |   1 |  190.0 |
       Dungeon |    190 |    190 |      0 |     64 |      0 |   1 |  190.0 |
               +--------+--------+--------+--------+--------+-----+--------+

Top non-repeatable levels by time:
       D: 190 daAuts
